 Dungeon Crawl Stone Soup version 0.29.1-15-g9cfb28693d (webtiles) character file.

Game seed: 15089455391740523110

396 Ast3rio the Magician (level 7, -1/48 HPs)
             Began as a Djinni Ice Elementalist on Mar 28, 2023.
             Slain by an orc
             ... wielding a +0 mace
              (7 damage)
             ... on level 4 of the Dungeon.
             The game lasted 00:07:48 (3840 turns).

Ast3rio the Magician (Djinni Ice Elementalist)      Turns: 3840, Time: 00:07:48

Health: -1/48      AC:  2    Str:  7    XL:     7   Next: 9%
Gold:   133        EV: 13    Int: 18    God:
                   SH:  0    Dex: 14

rFire   + + .      SeeInvis .   f - +2 dagger (drain)
rCold   x . .      Faith    .   (no shield)
rNeg    . . .      Spirit   .   a - +0 robe
rPois   ∞          Reflect  .   (no helmet)
rElec   .          Harm     .   (no cloak)
rCorr   .          Rampage  .   (no gloves)
Will    .....                   (boots unavailable)
Stlth   ++........              (no amulet)
HPRegen 0.16/turn               (no ring)
MPRegen 0.00/turn               (no ring)

@: flying
A: sickness immunity, fire resistance 2, cold vulnerability 1, float, innate
caster, HP casting, extra vitality 1
a: no special abilities


You were on level 4 of the Dungeon.
You visited 1 branch of the dungeon, and saw 4 of its levels.

You collected 133 gold pieces.

Inventory:

Hand Weapons
 f - a +2 dagger of draining (weapon)
Armour
 a - a +0 robe (worn)
 e - a +0 robe of willpower
Jewellery
 h - a ring of resist corrosion
 i - a ring of wizardry
 j - a ring of willpower
Scrolls
 c - 5 scrolls of teleportation {unknown}
 d - 4 scrolls of identify {unknown}
 g - a scroll of blinking {unknown}
Potions
 b - a potion of berserk rage {unknown}
 k - 2 potions of curing {unknown}
 l - a potion of flight {unknown}
 m - a potion of resistance {unknown}


   Skills:
 * Level 1.9 Fighting
 * Level 1.4 Short Blades
 + Level 2.9 Dodging
 + Level 2.3 Stealth
 + Level 0.4 Unarmed Combat
 * Level 5.2 Spellcasting


You couldn't memorise any spells.
You knew the following spells:

 Your Spells              Type           Power      Damage    Failure   Level
a - Freeze                Ice            92%        1d10      1%          1
b - Frozen Ramparts       Ice            46%        1d7       4%          3
c - Ozocubu's Armour      Ice            23%        N/A       4%          3
d - Hailstorm             Conj/Ice       23%        3d7       14%         4
e - Slow                  Hex            92%        N/A       1%          1
f - Call Imp              Summ           23%        N/A       2%          2
g - Wereblood             Tmut           23%        N/A       2%          2
Your spell library was empty.

Dungeon Overview and Level Annotations

Branches:
Dungeon (4/15)
 Temple: D:4-7

Altars:
Makhleb


Innate Abilities, Weirdness & Mutations

You are immune to sickness and miasma.
You are immune to poison.
Your flesh is very heat resistant. (rF++)
You are vulnerable to cold. (rC-)
You float through the air rather than walking.
You learn spells naturally, not from books.
Your magical power is your life essence.
You have superior vitality. (+4 MHP)


Message History

The walls around you are covered in ice.
The wall freezes the orc.
The orc hits you with a +0 short sword. The orc closely misses you. x2
Your frozen ramparts will break if you move.
Continue?
Okay, then.
The wall freezes the orc.
The orc hits you with a +0 short sword.
* * * LOW HITPOINT WARNING * * *
The orc closely misses you. The orc barely misses you.
Your frozen ramparts will break if you move.
Continue?
The orc attacks as you move away! The orc closely misses you.
The orc attacks as you move away! The orc closely misses you.
The frozen ramparts melt away as you move.
The orc barely misses you.
There is a stone staircase leading up here.
You are too injured to fight recklessly!
You are too injured to fight recklessly!
Casting: Frozen Ramparts (dangerous; 4% risk of failure)
Confirm with . or Enter, or press ? or * to list all spells.
Aiming: Freeze (safe; 1% risk of failure)
Press: ? - help, Shift-Dir - straight line, f - orc
Aim: an orc, wielding a +0 club and wearing a +0 leather armour You freeze the orc.
The orc is moderately wounded.
* * * LOW HITPOINT WARNING * * *
The orc misses you. The orc hits you with a +0 club.
* * * LOW HITPOINT WARNING * * *
The orc barely misses you.
Unknown command.
Casting: Freeze (safe; 1% risk of failure)
Confirm with . or Enter, or press ? or * to list all spells.
Aiming: Freeze (safe; 1% risk of failure)
Press: ? - help, Shift-Dir - straight line, f/p - orc
Aim: an orc, wielding a +0 club and wearing a +0 leather armour (moderately wounded)
You freeze the orc.
You kill the orc!
* * * LOW HITPOINT WARNING * * *
The orc hits you with a +0 short sword.
* * * LOW HITPOINT WARNING * * *
The orc hits you with a +0 mace!
You die...

. .. #.. #..###
##.....####
#.....)o..####..
#......)@.......
.....[.o........
.#..............
#...............
#............._8
................
#...............
#...............


You could see 2 orcs.

Vanquished Creatures
  Sigmund (D:3)
  An orc priest (D:4)
  Jessica (D:3)
  An iguana (D:3)
  Natasha (twice) (D:3)
  3 adders
  A worm (D:2)
  2 dart slugs
  2 orcs (D:4)
  10 ball pythons
  9 endoplasms
  6 giant cockroaches
  9 goblins
  5 hobgoblins
  5 jackals (D:2)
  4 kobolds
  3 quokkas
  7 bats
  A frilled lizard (D:2)
  5 rats
78 creatures vanquished.

Vanquished Creatures (collateral kills)
  A ball python (D:3)
  A rat (D:3)
2 creatures vanquished.

Grand Total: 80 creatures vanquished

Notes
Turn   | Place    | Note
-------+----------+-------------------------------------------
     0 | D:1      | Ast3rio the Djinni Ice Elementalist began the quest for the
                  | Orb.
     0 | D:1      | Ast3rio set off with the following spells memorised:
                  | Freeze, Frozen Ramparts, Ozocubu's Armour, Hailstorm.
     0 | D:1      | Reached XP level 1. HP: 15/15 MP: 0/0
    11 | D:1      | Found a faded altar of an unknown god.
   463 | D:1      | Reached XP level 2. HP: 19/21 MP: 0/0
   529 | D:1      | You are sucked into a shaft and drop 1 floor!
   895 | D:1      | Reached XP level 3. HP: 25/25 MP: 0/0
   895 | D:1      | Learned a level 1 spell: Slow
  1794 | D:2      | Reached XP level 4. HP: 24/31 MP: 0/0
  1881 | D:2      | Reached skill level 4 in Spellcasting
  2678 | D:3      | Reached skill level 1 in Fighting
  2694 | D:3      | Reached XP level 5. HP: 31/37 MP: 0/0
  2694 | D:3      | Learned a level 2 spell: Call Imp
  3036 | D:3      | Noticed Natasha
  3045 | D:3      | Killed Natasha
  3073 | D:3      | Noticed Natasha
  3079 | D:3      | Killed Natasha
  3141 | D:3      | Noticed Sigmund
  3147 | D:3      | Killed Sigmund
  3148 | D:3      | Reached skill level 1 in Short Blades
  3148 | D:3      | Reached skill level 5 in Spellcasting
  3148 | D:3      | Reached XP level 6. HP: 29/43 MP: 0/0
  3284 | D:3      | Noticed Jessica
  3289 | D:3      | Killed Jessica
  3746 | D:3      | Reached XP level 7. HP: 47/48 MP: 0/0
  3746 | D:3      | Learned a level 2 spell: Wereblood
  3827 | D:4      | Found a burning altar of Makhleb.
  3840 | D:4      | Slain by an orc

Illustrated notes

Levels and vault maps discovered:
D:1:      heliophobic_arrival_battle_scene, layout_rooms,
          ebering_ecumenical_altar_petrified, minmay_tree_intersection,
          minmay_misc_feat_encased, minmay_misc_feat_tiny,
          hangedman_abyss_or_decor_stabs
D:2:      layout_loops_ring, minmay_misc_feat_cross
D:3:      minmay_wonky_spiral, layout_basic, uniq_sigmund, uniq_jessica,
          uniq_natasha
D:4:      layout_cave_pods, chequers_temple_overflow_statue_of_worship,
          minmay_temple_entry_arrows

Skill      XL: |  1  2  3  4  5 |
---------------+----------------+-----
Spellcasting   | 4 5 |  5.2
Fighting       | 1 |  1.9
Stealth        | 2 |  2.3
Short Blades   | 1 |  1.4
Dodging        | |  2.9
Unarmed Combat | |  0.4

Action                   |  1- 3 |  4- 6 |  7- 9 || total
-------------------------+-------+-------+-------++-------
Melee: Unarmed           |     8 |       |       ||     8
       Dagger            |     1 |    43 |       ||    44
       Punch             |       |     1 |       ||     1
 Cast: Freeze            |    47 |    38 |    10 ||    95
       Frozen Ramparts   |     2 |       |     1 ||     3
       Call Imp          |       |     1 |       ||     1
 Stab: Sleeping          |       |     4 |       ||     4
Armor: Robe              |    17 |     9 |     1 ||    27
Dodge: Dodged            |    41 |    43 |    23 ||   107
